ITL
TOPEKA TORNADOS @ PORTLAND PRIVATEERS
06/05/2028
 
TOP OF THE 1ST
Topeka Tornados batting - Pitching for Portland Privateers : RHP Héctor Negrón
Pitching: RHP Héctor Negrón
Batting: SHB Javier Peña 0-0: Called Strike
0-1: Ball
1-1: Ball
2-1: Ball
3-1: DOUBLE (Groundball, 5D)
Batting: RHB Armando Méndez 0-0: SINGLE (Line Drive, 6D)
Javier Peña to third
Batting: RHB Norberto Taváres 0-0: Ball
1-0: Swinging Strike
1-1: Ball
2-1: Ball
3-1: Base on Balls
Armando Méndez to second
Batting: LHB Yoshiaki Ohayashi 0-0: Foul Ball, location: 2F
0-1: Ball
1-1: Ball
2-1: Ball
3-1: Swinging Strike
3-2: Strikes out swinging
Batting: RHB James Stevens 0-0: Ball
1-0: Ball
2-0: Ball
3-0: Base on Balls
Javier Peña scores
Armando Méndez to third
Norberto Taváres to second
Batting: LHB Ramón Pérez 0-0: Ball
1-0: Fly out, F8 (Flyball, 8RS)
Batting: RHB Cho-yun Qiao 0-0: Called Strike
0-1: Ball
1-1: Swinging Strike
1-2: Fly out, F7 (Flyball, 7)
Top of the 1st over - 1 run(s), 2 hit(s), 0 error(s), 3 left on base; Topeka 1 - Portland 0
BOTTOM OF THE 1ST
Portland Privateers batting - Pitching for Topeka Tornados : LHP Tony Rivera
Pitching: LHP Tony Rivera
Batting: SHB Patrick Larson 0-0: Ball
1-0: Ball
2-0: Fly out, F9 (Flyball, 9S)
Batting: RHB Joe Bailey 0-0: Called Strike
0-1: Ball
1-1: Ball
2-1: Ball
3-1: Foul Ball, location: 2F
3-2: Ground out 5-3 (Groundball, 56)
Batting: LHB Carter Sweet 0-0: Ball
1-0: Foul Ball, location: 2F
1-1: Called Strike
1-2: Foul Ball, location: 2F
1-2: Foul Ball, location: 2F
1-2: SINGLE (Groundball, 4MD)
Batting: SHB Eric Pimentel 0-0: Called Strike
0-1: Ground out 6-3 (Groundball, 6S)
Bottom of the 1st over - 0 run(s), 1 hit(s), 0 error(s), 1 left on base; Topeka 1 - Portland 0
TOP OF THE 2ND
Topeka Tornados batting - Pitching for Portland Privateers : RHP Héctor Negrón
Batting: RHB Bob Hall 0-0: Ball
1-0: Ball
2-0: Foul Ball, location: 2F
2-1: Ball
3-1: Foul Ball, location: 2F
3-2: Foul Ball, location: 2F
3-2: Foul Ball, location: 2F
3-2: Fly out, F8 (Line Drive, 89D)
Batting: RHB Ed Watkins 0-0: Called Strike
0-1: Ball
1-1: Swinging Strike
1-2: SINGLE (Flyball, 7S)
Batting: SHB Javier Peña 0-0: Ball
1-0: Ball
2-0: Ball
3-0: Base on Balls
Ed Watkins to second
Batting: RHB Armando Méndez 0-0: Ball
1-0: Ball
Wild Pitch!
Ed Watkins to third
Javier Peña to second
2-0: Called Strike
2-1: Called Strike
2-2: Foul Ball, location: 2F
2-2: Foul Ball, location: 2F
2-2: SINGLE (Groundball, 56D)
Ed Watkins scores
Javier Peña to third
Runner from 3rd tries for Home, SAFE, no throw
Batting: RHB Norberto Taváres 0-0: Called Strike
0-1: Ball
1-1: Swinging Strike
Passed Ball!
Armando Méndez to second
1-2: Ball
2-2: Foul Ball, location: 2F
2-2: Fly out, F9 (Line Drive, 9)
Batting: LHB Yoshiaki Ohayashi 0-0: Foul Ball, location: 2F
0-1: Ball
1-1: Fly out, F4 (Popup, 34)
Top of the 2nd over - 2 run(s), 2 hit(s), 0 error(s), 1 left on base; Topeka 3 - Portland 0
BOTTOM OF THE 2ND
Portland Privateers batting - Pitching for Topeka Tornados : LHP Tony Rivera
Batting: RHB Carlos Castro 0-0: Called Strike
0-1: Swinging Strike
0-2: Ball
1-2: Ball
2-2: Foul Ball, location: 2F
2-2: Ball
3-2: Fly out, F9 (Flyball, 89D)
Batting: RHB José Balina 0-0: SINGLE (Groundball, 6MD)
Batting: RHB Luis Pineda 0-0: Ball
1-0: Ball
2-0: Grounds into double play, 5-4-3 (Groundball, 56)
Bottom of the 2nd over - 0 run(s), 1 hit(s), 0 error(s), 0 left on base; Topeka 3 - Portland 0
TOP OF THE 3RD
Topeka Tornados batting - Pitching for Portland Privateers : RHP Héctor Negrón
Batting: RHB James Stevens 0-0: Foul Ball, location: 2F
0-1: Ball
1-1: Ball
2-1: Ball
3-1: Base on Balls
Batting: LHB Ramón Pérez 0-0: Fly out, F7 (Flyball, 7)
Batting: RHB Cho-yun Qiao 0-0: Called Strike
0-1: Grounds into double play, 6-4-3 (Groundball, 6)
Top of the 3rd over - 0 run(s), 0 hit(s), 0 error(s), 0 left on base; Topeka 3 - Portland 0
BOTTOM OF THE 3RD
Portland Privateers batting - Pitching for Topeka Tornados : LHP Tony Rivera
Batting: LHB Dillon Beck 0-0: Fly out, F7 (Line Drive, 7)
Batting: RHB Jorge Hernández 0-0: Foul Ball, location: 2F
0-1: Ball
1-1: Ball
2-1: Swinging Strike
2-2: Foul Ball, location: 2F
2-2: Strikes out looking
Batting: SHB Patrick Larson 0-0: Foul Ball, location: 2F
0-1: Foul Ball, location: 2F
0-2: Ball
1-2: Ball
2-2: Ball
3-2: Base on Balls
Batting: RHB Joe Bailey 0-0: Ball
1-0: Ball
2-0: Called Strike
2-1: 2-RUN HOME RUN (Flyball, 89XD), Distance : 414 ft
Batting: LHB Carter Sweet 0-0: Foul Ball, location: 2F
0-1: Called Strike
0-2: Ball
1-2: Fly out, F3 (Line Drive, 3)
Bottom of the 3rd over - 2 run(s), 1 hit(s), 0 error(s), 0 left on base; Topeka 3 - Portland 2
TOP OF THE 4TH
Topeka Tornados batting - Pitching for Portland Privateers : RHP Héctor Negrón
Batting: RHB Bob Hall 0-0: Called Strike
0-1: Ball
1-1: Foul Ball, location: 2F
1-2: Fly out, F4 (Line Drive, 4)
Batting: RHB Ed Watkins 0-0: Ball
1-0: Ball
2-0: Fly out, F8 (Flyball, 8RXD)
Batting: SHB Javier Peña 0-0: Ball
1-0: Called Strike
1-1: Called Strike
1-2: SINGLE (Line Drive, 4MD)
Batting: RHB Armando Méndez 0-0: Called Strike
0-1: Ball
1-1: SINGLE (Groundball, 56) (infield hit)
Javier Peña to second
Batting: RHB Norberto Taváres 0-0: Ball
1-0: Swinging Strike
1-1: Ball
2-1: Foul Ball, location: 2F
2-2: Foul Ball, location: 2F
2-2: Ball
3-2: Foul Ball, location: 2F
3-2: TRIPLE (Line Drive, 9LM)
Javier Peña scores
Armando Méndez scores
Batting: LHB Yoshiaki Ohayashi 0-0: Ball
1-0: Fly out, F4 (Popup, 4D)
Top of the 4th over - 2 run(s), 3 hit(s), 0 error(s), 1 left on base; Topeka 5 - Portland 2
BOTTOM OF THE 4TH
Portland Privateers batting - Pitching for Topeka Tornados : LHP Tony Rivera
Batting: SHB Eric Pimentel 0-0: Ball
1-0: Fly out, F8 (Flyball, 8RS)
Batting: RHB Carlos Castro 0-0: Ball
1-0: Called Strike
1-1: Fly out, F8 (Flyball, 8RS)
Batting: RHB José Balina 0-0: SINGLE (Groundball, 4D)
Batting: RHB Luis Pineda 0-0: Ball
1-0: Ball
2-0: Ball
3-0: Base on Balls
José Balina to second
Batting: LHB Dillon Beck 0-0: 3-RUN HOME RUN (Line Drive, 89XD), Distance : 421 ft
Batting: RHB Jorge Hernández 0-0: Ball
1-0: Ball
2-0: Called Strike
2-1: Swinging Strike
2-2: Ball
3-2: Foul Ball, location: 2F
3-2: Strikes out swinging
Bottom of the 4th over - 3 run(s), 2 hit(s), 0 error(s), 0 left on base; Topeka 5 - Portland 5
TOP OF THE 5TH
Topeka Tornados batting - Pitching for Portland Privateers : RHP Héctor Negrón
Pitching: RHP Neal Dillard
Batting: RHB James Stevens 0-0: Ball
1-0: Swinging Strike
1-1: Ball
2-1: Ball
3-1: Foul Ball, location: 2F
3-2: Base on Balls
Batting: LHB Ramón Pérez 0-0: Called Strike
0-1: Fly out, F8 (Line Drive, 8RM)
Batting: RHB Cho-yun Qiao 0-0: Swinging Strike
0-1: DOUBLE (Flyball, 78D)
James Stevens to third
Runner from 3rd tries for Home, SAFE, throw made home
Batting: RHB Bob Hall 0-0: Foul Ball, location: 2F
0-1: Ball
1-1: Ball
2-1: Fly out, F6 (Popup, 56)
Batting: RHB Ed Watkins 0-0: Ball
1-0: SINGLE (Line Drive, 6M)
Cho-yun Qiao to third
Batting: SHB Javier Peña 0-0: Swinging Strike
0-1: Ball
1-1: DOUBLE (Flyball, 89XD)
Cho-yun Qiao scores
Ed Watkins to third
Runner from 3rd tries for Home, SAFE, no throw
Pitching: RHP José García
Batting: RHB Armando Méndez 0-0: Ball
1-0: Ball
2-0: SINGLE (Line Drive, 6MD)
Javier Peña to third
Runner from 3rd tries for Home, SAFE, no throw
Batting: RHB Norberto Taváres 0-0: Ball
Armando Méndez is caught stealing 2nd base
Top of the 5th over - 4 run(s), 4 hit(s), 0 error(s), 0 left on base; Topeka 9 - Portland 5
BOTTOM OF THE 5TH
Portland Privateers batting - Pitching for Topeka Tornados : LHP Tony Rivera
Pitching: RHP Larry Jones
Batting: SHB Patrick Larson 0-0: Ball
1-0: Swinging Strike
1-1: Ball
2-1: Ball
3-1: Base on Balls
Batting: RHB Joe Bailey 0-0: Hit by Pitch
Patrick Larson to second
Batting: LHB Carter Sweet 0-0: Ball
1-0: Foul Ball, location: 2F
1-1: Foul Ball, location: 2F
1-2: Ball
2-2: Strikes out swinging
Batting: SHB Eric Pimentel 0-0: Foul Ball, location: 2F
0-1: Swinging Strike
0-2: Ball
1-2: SINGLE (Groundball, 34D)
Patrick Larson to third
Joe Bailey to second
Runner from 3rd tries for Home, throw and OUT!
Joe Bailey to third
Eric Pimentel to second
Batting: RHB Carlos Castro 0-0: Ball
1-0: Ball
2-0: Foul Ball, location: 2F
2-1: Ground out 5-3 (Groundball, 5S)
Bottom of the 5th over - 0 run(s), 1 hit(s), 0 error(s), 2 left on base; Topeka 9 - Portland 5
TOP OF THE 6TH
Topeka Tornados batting - Pitching for Portland Privateers : RHP José García
Batting: RHB Norberto Taváres 0-0: Ball
1-0: Ball
2-0: Ball
3-0: Base on Balls
Batting: LHB Yoshiaki Ohayashi 0-0: Ball
1-0: Ball
2-0: Called Strike
2-1: Swinging Strike
2-2: Ball
3-2: Strikes out swinging
Norberto Taváres steals 2nd base
Batter strikes out.
Batting: RHB James Stevens 0-0: Ball
1-0: Called Strike
1-1: SINGLE (Groundball, 4D)
Norberto Taváres to third
Batting: LHB Ramón Pérez 0-0: Ball
1-0: Ball
2-0: Ball
3-0: Base on Balls
James Stevens to second
Batting: RHB Cho-yun Qiao 0-0: Grounds into double play, 4-6-3 (Groundball, 4M)
Top of the 6th over - 0 run(s), 1 hit(s), 0 error(s), 2 left on base; Topeka 9 - Portland 5
BOTTOM OF THE 6TH
Portland Privateers batting - Pitching for Topeka Tornados : RHP Larry Jones
Batting: RHB José Balina 0-0: Ball
1-0: Ball
2-0: Ground out U3 (Groundball, 3)
Batting: RHB Luis Pineda 0-0: SINGLE (Flyball, 9S)
Batting: LHB Dillon Beck 0-0: Ball
1-0: Ball
2-0: Ball
3-0: Base on Balls
Luis Pineda to second
Batting: RHB Jorge Hernández 0-0: SINGLE (Flyball, 8LM)
Luis Pineda to third
Dillon Beck to second
Batting: SHB Patrick Larson 0-0: Called Strike
0-1: Ball
1-1: Ball
2-1: Swinging Strike
2-2: Foul Ball, location: 2F
2-2: Foul Ball, location: 2F
2-2: Ball
3-2: Fly out, F7 (Flyball, 7S)
Pitching: RHP Clark Edwards
Batting: RHB Joe Bailey 0-0: Called Strike
0-1: Foul Ball, location: 2F
0-2: Ball
1-2: Foul Ball, location: 2F
1-2: Foul Ball, location: 2F
1-2: Strikes out swinging
Bottom of the 6th over - 0 run(s), 2 hit(s), 0 error(s), 3 left on base; Topeka 9 - Portland 5
TOP OF THE 7TH
Topeka Tornados batting - Pitching for Portland Privateers : RHP José García
Batting: RHB Bob Hall 0-0: Ball
1-0: Ball
2-0: SINGLE (Groundball, 6MD)
Batting: RHB Ed Watkins 0-0: Sac Bunt - play at first, batter safe!
Bob Hall to second
Batting: SHB Javier Peña Balk!
Bob Hall to third
Ed Watkins to second
0-0: Intentional Walk
Pitching: RHP Carlos Molina
Batting: RHB Armando Méndez 0-0: Ball
1-0: Ball
2-0: Ball
3-0: Base on Balls
Bob Hall scores
Ed Watkins to third
Javier Peña to second
Batting: RHB Norberto Taváres 0-0: Swinging Strike
0-1: Ball
1-1: Swinging Strike
1-2: Ball
2-2: Ball
3-2: Ground out 6-3 (Groundball, 6D)
Ed Watkins scores
Javier Peña to third
Armando Méndez to second
Batting: LHB Yoshiaki Ohayashi 0-0: Ball
1-0: Ball
2-0: Foul Ball, location: 2F
2-1: Ball
3-1: Foul Ball, location: 2F
3-2: Foul Ball, location: 2F
3-2: Strikes out swinging
Batting: RHB James Stevens 0-0: Ground out 5-3 (Groundball, 56)
Top of the 7th over - 2 run(s), 2 hit(s), 0 error(s), 2 left on base; Topeka 11 - Portland 5
BOTTOM OF THE 7TH
Portland Privateers batting - Pitching for Topeka Tornados : RHP Clark Edwards
Batting: LHB Carter Sweet 0-0: Called Strike
0-1: Ball
1-1: Called Strike
1-2: Ball
2-2: Ball
3-2: Base on Balls
Batting: SHB Eric Pimentel 0-0: Called Strike
0-1: SINGLE (Groundball, 3D)
Carter Sweet to second
Runner from 2nd tries for 3rd, SAFE, throw made to third
Eric Pimentel to second
Batting: RHB Carlos Castro 0-0: Ball
1-0: Called Strike
1-1: Foul Ball, location: 2F
1-2: Ball
2-2: Foul Ball, location: 2F
2-2: Ball
3-2: DOUBLE (Line Drive, 5D)
Carter Sweet scores
Eric Pimentel scores
Pitching: RHP Craig Adams
Batting: RHB José Balina 0-0: Foul Ball, location: 2F
0-1: Foul Ball, location: 2F
0-2: Ball
1-2: Foul Ball, location: 2F
1-2: Ground out U3 (Groundball, 34)
Carlos Castro to third
Batting: RHB Luis Pineda 0-0: Fly out, F7 (Line Drive, 7)
Batting: LHB Dillon Beck 0-0: Called Strike
0-1: Ball
1-1: Ground out U3 (Groundball, 3L)
Bottom of the 7th over - 2 run(s), 2 hit(s), 0 error(s), 1 left on base; Topeka 11 - Portland 7
TOP OF THE 8TH
Topeka Tornados batting - Pitching for Portland Privateers : RHP Carlos Molina
Batting: LHB Ramón Pérez 0-0: Ball
1-0: Called Strike
1-1: Foul Ball, location: 2F
1-2: Reached on error, E5 (Groundball, 56)
Batting: RHB Cho-yun Qiao 0-0: Ball
1-0: Ball
2-0: Foul Ball, location: 2F
2-1: Ball
3-1: Swinging Strike
3-2: SINGLE (Groundball, 56D)
Ramón Pérez to third
Runner from 3rd tries for Home, throw and OUT!
Cho-yun Qiao to second
Batting: RHB Bob Hall 0-0: Ball
1-0: Ball
2-0: Fly out, F7 (Flyball, 7LD)
Batting: RHB Ed Watkins 0-0: Ball
1-0: Ball
2-0: TRIPLE (Flyball, 89XD)
Cho-yun Qiao scores
Batting: SHB Javier Peña 0-0: Called Strike
0-1: Foul Ball, location: 2F
0-2: Strikes out swinging
Top of the 8th over - 1 run(s), 2 hit(s), 1 error(s), 1 left on base; Topeka 12 - Portland 7
BOTTOM OF THE 8TH
Portland Privateers batting - Pitching for Topeka Tornados : RHP Craig Adams
Batting: RHB Jorge Hernández 0-0: Fly out, F8 (Flyball, 8LM)
Batting: SHB Patrick Larson 0-0: Ball
1-0: Foul Ball, location: 2F
1-1: SOLO HOME RUN (Flyball, 89XD), Distance : 393 ft
Batting: RHB Joe Bailey 0-0: Fly out, F7 (Line Drive, 78D)
Batting: LHB Carter Sweet 0-0: Ball
1-0: Called Strike
1-1: Ball
2-1: DOUBLE (Line Drive, 8RXD)
Pitching: LHP John Livingston
Batting: SHB Eric Pimentel 0-0: Ball
1-0: Called Strike
1-1: Foul Ball, location: 2F
1-2: Foul Ball, location: 2F
1-2: Ball
2-2: Strikes out swinging
Bottom of the 8th over - 1 run(s), 2 hit(s), 0 error(s), 1 left on base; Topeka 12 - Portland 8
TOP OF THE 9TH
Topeka Tornados batting - Pitching for Portland Privateers : RHP Carlos Molina
Batting: RHB Armando Méndez 0-0: Called Strike
0-1: Ball
1-1: Ball
2-1: Ball
3-1: Called Strike
3-2: Foul Ball, location: 2F
3-2: Base on Balls
Batting: RHB Norberto Taváres 0-0: Ball
Armando Méndez steals 2nd base
1-0: Intentional Walk
Batting: LHB Yoshiaki Ohayashi 0-0: Ball
1-0: SINGLE (Groundball, 3D)
Armando Méndez to third
Norberto Taváres to second
Batting: RHB James Stevens 0-0: Swinging Strike
0-1: Called Strike
0-2: Ball
1-2: Ball
2-2: SINGLE (Line Drive, 34D)
Armando Méndez scores
Norberto Taváres to third
Yoshiaki Ohayashi to second
Runner from 3rd tries for Home, SAFE, no throw
Pitching: RHP Dan Ford
Batting: LHB Ramón Pérez 0-0: Ball
1-0: Called Strike
1-1: DOUBLE (Line Drive, 78M)
Yoshiaki Ohayashi scores
James Stevens to third
Batting: RHB Cho-yun Qiao 0-0: Called Strike
0-1: Ball
1-1: Called Strike
1-2: Strikes out swinging
Pinch Hitting: LHB Ryan Drake 0-0: Ball
1-0: Foul Ball, location: 2F
1-1: Swinging Strike
1-2: Ground out U3 (Groundball, 3)
Batting: RHB Ed Watkins 0-0: Ball
1-0: Foul Ball, location: 2F
1-1: Foul Ball, location: 2F
1-2: Ball
2-2: Ground out 5-3 (Groundball, 5L)
Top of the 9th over - 3 run(s), 3 hit(s), 0 error(s), 2 left on base; Topeka 15 - Portland 8
BOTTOM OF THE 9TH
Portland Privateers batting - Pitching for Topeka Tornados : LHP John Livingston
Now at 2B: Ryan Drake
Batting: RHB Carlos Castro 0-0: Ball
1-0: Foul Ball, location: 2F
1-1: Foul Ball, location: 2F
1-2: Strikes out looking
Batting: RHB José Balina 0-0: Ball
1-0: Called Strike
1-1: Foul Ball, location: 2F
1-2: Foul Ball, location: 2F
1-2: Ground out U3 (Groundball, 34)
Batting: RHB Luis Pineda 0-0: Called Strike
0-1: Fly out, F8 (Flyball, 8RD)
Bottom of the 9th over - 0 run(s), 0 hit(s), 0 error(s), 0 left on base; Topeka 15 - Portland 8
Tuesday, August 8th, 2017 - OOTP Baseball 17.12 Build 75